 Dungeon Crawl Stone Soup version 0.31-a0-496-g6f97920a28 (webtiles) character file.

Game seed: 5347587517952813893

1322 randomguy2701 the Tainter (level 8, -2/47 HPs)
             Began as an Octopode Venom Mage on Aug 8, 2023.
             Slain by a phantom (6 damage)
             ... on level 6 of the Dungeon.
             The game lasted 00:12:37 (6398 turns).

randomguy2701 the Tainter (Octopode Venom Mage)     Turns: 6398, Time: 00:12:37

Health: -2/47      AC:  1    Str:  7    XL:     8   Next: 59%
Magic:  3/25       EV: 14    Int: 26    God:
Gold:   252        SH:  0    Dex: 18    Spells: 13/18 levels left

rFire   . . .        (no weapon)
rCold   + . .        (no shield)
rNeg    . . .        (helmet restricted)
rPois   +            (no amulet)
rElec   .            d - ring of protection from cold
rCorr   .            h - ring of poison resistance
SInv    .            i - +6 ring of dexterity
Will    .....        k - ring of magical power
Stlth   ++++         o - +6 ring of intelligence
HPRegen 0.27/turn    (no ring)
MPRegen 0.19/turn    (no ring)
                     (no ring)

%: no passive effects
@: no status effects
A: almost no armour, amphibious, 8 rings, camouflage 1, gelatinous body 1,
(nimble swimmer 1), tentacles
a: no special abilities


You were on level 6 of the Dungeon.
You visited 1 branch of the dungeon, and saw 6 of its levels.
You also visited: Sewer.

You collected 252 gold pieces.

Inventory:

Jewellery
 d - a ring of protection from cold (left tentacle)
 h - a ring of poison resistance (right tentacle)
 i - a +6 ring of dexterity (on tentacle)
 k - a ring of magical power (on tentacle)
 o - a +6 ring of intelligence (on tentacle)
 D - the ring of the Hare {EV+10}
   (You found it on level 6 of the Dungeon)

   [ring of evasion]

   EV:        It affects your evasion (+10).
Wands
 m - a wand of polymorph (3)
 y - a wand of roots (4)
 z - a wand of mindburst (14)
 A - a wand of flame (22)
Scrolls
 c - 2 scrolls of fog {unknown}
 e - 2 scrolls of butterflies {unknown}
 g - 3 scrolls of teleportation {unknown}
 l - a scroll of immolation {unknown}
 p - a scroll of noise {unknown}
 r - a scroll of fear {unknown}
 t - a scroll of vulnerability {unknown}
 u - a scroll of identify {unknown}
 v - a scroll of torment {unknown}
 w - 2 scrolls of blinking {unknown}
 x - a scroll of enchant armour {unknown}
 B - 2 scrolls of enchant weapon {unknown}
Potions
 a - a potion of magic
 b - a potion of degeneration {unknown}
 f - 2 potions of heal wounds {unknown}
 j - 2 potions of lignification {unknown}
 n - a potion of resistance {unknown}
 q - a potion of mutation {unknown}
 s - 2 potions of might {unknown}
 C - 2 potions of invisibility {unknown}


   Skills:
 + Level 0.9 Fighting
 + Level 2.7 Dodging
 * Level 6.2 Stealth
 + Level 0.2 Unarmed Combat
 + Level 5.7 Spellcasting
 + Level 3.2 Transmutations
 + Level 8.0 Poison Magic


You had 13 spell levels left.
You knew the following spells:

 Your Spells              Type           Power      Damage    Failure   Level
a - Sting                 Tmut/Pois      100%       1d8       1%          1
b - Olgreb's Toxic Radia  Pois           49%        N/A       2%          4

Your spell library contained the following spells:

 Spells                   Type           Power      Damage    Failure   Level
 Poisonous Vapours        Pois/Air       56%        N/A       1%          2
 Cigotuvi's Dreadful Rot  Necr/Pois/Air  42%        N/A       3%          2
 Mephitic Cloud           Conj/Pois/Air  21%        N/A       7%          3
 Static Discharge         Conj/Air       14%        2-3/arc   11%         2
 Airstrike                Air            3%         2d(1-17)  56%         4
 Dispel Undead            Necr           7%         3d8       56%         4
 Summon Lightning Spire   Summ/Air       7%         N/A       56%         4
 Freezing Cloud           Conj/Ice/Air   3%         6-21      89%         5
 Death Channel            Necr           3%         N/A       100%        6


Dungeon Overview and Level Annotations

Branches:
Dungeon (6/15)             Temple (0/1) D:5           Sewer (visited)

Altars:
Hepliaklqana
Trog
Wu Jian


Innate Abilities, Weirdness & Mutations

You cannot wear most types of armour.
You are amphibious.
You can wear up to eight rings at the same time.
Your skin changes colour to match your surroundings (Stealth+).
Your rubbery body absorbs attacks. (AC +1, EV +1)
((You are camouflaged when in or above water. (Stealth+)))
You have tentacles for arms and can constrict up to eight enemies at once.


Message History

You kill the orc priest!
The black bear looks even sicker.
Your toxic aura wanes.
You tentacle-slap the phantom.
The phantom is lightly damaged.
The phantom hits you.
The phantom blinks!
You blink.
You tentacle-slap the phantom but do no damage.
The phantom is lightly damaged.
You closely miss the phantom.
The phantom is lightly damaged.
The phantom hits you.
The phantom blinks!
You blink.
You tentacle-slap the phantom. You squeeze the phantom.
The phantom is moderately damaged.
The phantom barely misses you.
You tentacle-slap the phantom but do no damage.
Your squeeze misses the phantom.
The phantom is moderately damaged.
The phantom hits you.
The phantom blinks!
You blink.
Unknown command.
You miss the phantom.
The phantom is moderately damaged.
The phantom closely misses you.
You closely miss the phantom. You squeeze the phantom.
The phantom is heavily damaged.
The black bear goes berserk!
The phantom hits you!
You tentacle-slap the phantom but do no damage.
The phantom is heavily damaged.
The phantom hits you. The black bear misses you.
The black bear closely misses you. x2
You tentacle-slap the phantom but do no damage.
Your tentacle-slap misses the phantom.
Your squeeze misses the phantom.
The phantom is heavily damaged.
The black bear bites you.
* * * LOW HITPOINT WARNING * * *
The black bear claws you.
* * * LOW HITPOINT WARNING * * *
The black bear claws you.
* * * LOW HITPOINT WARNING * * *
The phantom hits you.
You die...

##........#### #.# #
.......).))..####.# #
........)....'.##.# #
#............#....###
#............#.....##
#.......h....#.###...
#............':# ###.
#########.#...### #.
#...W@h...#...# ##
#.############# # # #
# # # #


You could see a black bear (berserk, poisoned) and a phantom.

Vanquished Creatures
  Pikel (D:4)
  Edmund (D:6)
  Pargi (Sewer)
  A black bear (D:5)
  3 lemures (D:4)
  Blork the orc (D:4)
  A scorpion (D:6)
  An orc priest (D:6)
  2 hounds (D:5)
  2 iguanas (D:5)
  3 orc wizards (D:6)
  Robin (D:2)
  3 river rats (D:5)
  10 adders
  An ufetubus (D:6)
  2 worms
  A dart slug (D:4)
  8 orcs
  6 bats
  5 endoplasms
  7 giant cockroaches
  10 goblins
  5 hobgoblins
  5 jackals
  3 quokkas
  3 ball pythons (D:1)
  2 frilled lizards (D:1)
  4 kobolds
  4 rats
  A spectral hobgoblin (D:1)
98 creatures vanquished.

Notes
Turn   | Place    | Note
-------+----------+-------------------------------------------
     0 | D:1      | randomguy2701 the Octopode Venom Mage began the quest for
                  | the Orb.
     0 | D:1      | Reached XP level 1. HP: 11/11 MP: 3/3
    54 | D:1      | Found a faded altar of an unknown god.
   240 | D:1      | Reached skill level 4 in Poison Magic
   240 | D:1      | Reached XP level 2. HP: 15/17 MP: 3/5
   765 | D:1      | Reached XP level 3. HP: 22/22 MP: 1/6
  1837 | D:2      | Noticed Robin
  1923 | D:1      | Reached XP level 4. HP: 15/27 MP: 3/7
  2217 | D:2      | Killed Robin
  2218 | D:2      | Reached skill level 5 in Poison Magic
  2799 | D:3      | Identified the +5 short sword "Duokyod" {distort, rPois rC+
                  | Str+2}
  3012 | D:3      | Learned a level 4 spell: Olgreb's Toxic Radiance
  3189 | D:3      | Found an ornate altar of the Wu Jian Council.
  3244 | D:4      | Noticed a lemure
  3244 | D:4      | Noticed Pikel
  3262 | D:4      | Killed a lemure
  3329 | D:4      | Reached XP level 5. HP: 30/32 MP: 9/9
  3454 | D:4      | Noticed Blork the orc
  3457 | D:4      | Noticed a lemure
  3465 | D:4      | Killed Blork the orc
  3466 | D:4      | Reached skill level 6 in Poison Magic
  3491 | D:4      | Killed a lemure
  4024 | D:4      | Noticed a lemure
  4027 | D:4      | Noticed a lemure
  4036 | D:4      | Killed a lemure
  4055 | D:4      | Killed Pikel
  4056 | D:4      | Reached skill level 7 in Poison Magic
  4056 | D:4      | Reached XP level 6. HP: 7/37 MP: 4/12
  4056 | D:4      | Reached XP level 7. HP: 8/42 MP: 4/13
  4558 | D:5      | Entered Level 5 of the Dungeon
  4613 | D:5      | Reached skill level 5 in Stealth
  4717 | D:5      | Found a hazy altar of Hepliaklqana.
  4718 | D:5      | Found a bloodstained altar of Trog.
  4782 | D:5      | Found a staircase to the Ecumenical Temple.
  4900 | D:5      | Found a glowing drain.
  4911 | Sewer    | Entered a sewer
  5060 | Sewer    | Noticed Pargi
  5071 | Sewer    | Killed Pargi
  5072 | Sewer    | Reached XP level 8. HP: 47/47 MP: 7/15
  5519 | D:5      | Reached skill level 5 in Spellcasting
  5923 | D:6      | Noticed Edmund
  5930 | D:6      | Killed Edmund
  6287 | D:6      | Found the ring of the Hare {EV+10}
  6318 | D:6      | Reached skill level 8 in Poison Magic
  6398 | D:6      | Slain by a phantom

Illustrated notes

Levels and vault maps discovered:
D:1:      scummos_arrival_checkerplants, layout_basic,
          dreamdust_ecumenical_altar_drowned_temple, minmay_misc_feat_tiny,
          chequers_serial_rivers_micro_d
D:2:      layout_basic, bh_walls_and_bars, uniq_robin
D:3:      layout_loops_ring, mainiacjoe_overflow_alcove_2
D:4:      layout_basic, grunt_ministairs_13, dk_noncrumbling_4, uniq_pikel,
          uniq_blork_the_orc
D:5:      layout_basic, mainiacjoe_overflow_divided_tiny,
          minmay_temple_entry_junction, portal_sewer_entry_a,
          nrook_pool_corridor
D:6:      layout_basic, chequers_serial_rivers_micro_a, feat_on_display,
          uniq_edmund

Skill      XL: |  1  2  3  4  5  6  7  8 |
---------------+-------------------------+-----
Poison Magic   | 4 5 7 8 |  8.0
Stealth        | 3 4 5 6 |  6.2
Spellcasting   | 4 5 |  5.7
Transmutations | 2 3 |  3.2
Fighting       | |  0.9
Dodging        | |  2.7
Unarmed Combat | |  0.2

Action                     |  1- 3 |  4- 6 |  7- 9 || total
---------------------------+-------+-------+-------++-------
  Melee: Unarmed           |     9 |    10 |    17 ||    36
         Tentacles         |     3 |     2 |     3 ||     8
         Constrict         |     2 |     3 |     4 ||     9
         Punch             |     1 |       |       ||     1
   Cast: Sting             |    71 |    88 |    25 ||   184
         Olgreb's Toxic Ra |       |     4 |    35 ||    39
   Stab: Sleeping          |     1 |       |       ||     1
 Armour: Skin              |     6 |     1 |     2 ||     9
  Dodge: Dodged            |    31 |    33 |    24 ||    88

Table legend: (Time is in decaauts)
 A = Elapsed time spent in this place.
 B = Non-inter-level travel time spent in this place.
 C = Inter-level travel time spent in this place.
 D = Time resting spent in this place.
 E = Time spent auto-exploring this place.
 F = Levels seen in this place.
 G = Mean time per level.
                   A        B        C        D        E       F      G
               +--------+--------+--------+--------+--------+-----+--------+
         Total |   6387 |   6111 |    276 |      0 |   5112 |   7 |  912.4 |
       Dungeon |   6069 |   5793 |    276 |      0 |   4856 |   6 | 1011.5 |
         Sewer |    317 |    317 |      0 |      0 |    256 |   1 |  317.0 |
               +--------+--------+--------+--------+--------+-----+--------+

Top non-repeatable levels by time:
     D:4: 1298 daAuts
     D:1: 1236 daAuts
     D:2: 1091 daAuts
     D:5: 1040 daAuts
     D:3: 921 daAuts
     D:6: 480 daAuts
   Sewer: 317 daAuts
